 Dungeon Crawl Stone Soup version 0.21.1-1-g345015f (webtiles) character file.

4002 twistedcrescendo the Basher (level 10, 0/94 HPs)
             Began as a Minotaur Berserker on June 18, 2018.
             Was a High Priest of Trog.
             Slain by a yak (10 damage)
             ... on level 8 of the Dungeon.
             The game lasted 00:54:04 (6586 turns).

twistedcrescendo the Basher (Minotaur Berserker)    Turns: 6586, Time: 00:54:04

Health: 0/94       AC:  6    Str: 27    XL:     10   Next: 3%
Magic:  3/3        EV: 19    Int:  4    God:    Trog [*****.]
Gold:   450        SH:  0    Dex: 17    Spells: 9/9 levels left

rFire    . . .     SeeInvis +   C - +1 flail
rCold    + + +     Gourm    .   (no shield)
rNeg     . . .     Faith    .   E - +1 leather armour of Eternal Vigilance {rC+++ Dex-4 SInv}
rPois    .         Spirit   .   (helmet restricted)
rElec    .         Reflect  .   (no cloak)
rCorr    +         Harm     .   (no gloves)
MR       +++..                  i - +1 pair of boots
Stlth    ++........             (no amulet)
HPRegen  1.25/turn              Q - ring of Veddystri {rCorr MP-9 Str+6 Dex+2}
MPRegen  0.08/turn              F - ring of protection from magic

@: agile, berserk cooldown, regenerating, slowed, very slow
A: retaliatory headbutt, horns 2
a: Berserk, Trog's Hand, Brothers in Arms, Burn Spellbooks, Renounce Religion


You were on level 8 of the Dungeon.
You worshipped Trog.
Trog was extremely pleased with you.
You were near starving.

You visited 1 branch of the dungeon, and saw 8 of its levels.
You also visited: Sewer and Ossuary.

You collected 450 gold pieces.

Inventory:

Hand Weapons
 a - a +0 mace
 w - a +2 trident of protection
 C - a +1 flail (weapon)
 H - the +7 hunting sling "Goblin's Bane" {venom, +Inv}
   (You found it on level 5 of the Dungeon)

   It poisons the ammo it fires.
   It lets you turn invisible.
 L - a +0 dire flail
 X - a cursed -1 whip
Missiles
 I - 115 sling bullets
 K - 60 stones (quivered)
 W - 8 silver javelins
Armour
 b - a +0 animal skin
 d - a +0 chain mail
 i - a +1 pair of boots (worn)
 v - a +0 shield
 E - the +1 leather armour of Eternal Vigilance (worn) {rC+++ Dex-4 SInv}
   (You found it on level 5 of the Dungeon)

   It affects your dexterity (-4).
   It renders you almost immune to cold.
   It lets you see invisible.
Magical Staves
 G - an uncursed staff of death {unknown}
 V - an uncursed staff of air {unknown}
Jewellery
 h - a +3 ring of intelligence
 n - an uncursed amulet of guardian spirit {unknown}
 r - an uncursed ring of see invisible
 u - an uncursed ring of wizardry
 y - an uncursed ring of protection from cold
 F - a ring of protection from magic (right hand)
 Q - the ring of Veddystri (left hand) {rCorr MP-9 Str+6 Dex+2}
   (You found it in a sewer)

   [ring of resist corrosion]

   It affects your strength (+6).
   It affects your dexterity (+2).
   It affects your magic capacity (-9).
 Y - an uncursed ring of magical power {unknown}
Wands
 s - a wand of iceblast (10)
 N - a wand of enslavement (14)
Scrolls
 e - 6 scrolls of identify
 m - 5 scrolls of teleportation
 o - 2 scrolls of enchant weapon
 z - a scroll of enchant armour
 B - a scroll of magic mapping
 M - a scroll of amnesia {unknown}
 O - 2 scrolls of immolation {unknown}
 S - a scroll of random uselessness {unknown}
 T - 2 scrolls of remove curse
Potions
 f - a potion of heal wounds {unknown}
 g - 3 potions of mutation {unknown}
 j - 6 potions of curing
 k - 3 potions of degeneration {unknown}
 l - 2 potions of brilliance {unknown}
 p - 2 potions of might {unknown}
 q - 2 potions of haste
 t - 4 potions of cancellation {unknown}
 x - a potion of berserk rage {unknown}
 D - 3 potions of invisibility {unknown}
 J - 2 potions of resistance {unknown}
 P - 5 potions of agility
 R - a potion of flight {unknown}
 U - a potion of lignification {unknown}
Comestibles
 c - 15 rations
 A - 14 chunks of flesh


   Skills:
 + Level 10.8 Fighting
 * Level 11.9 Maces & Flails
 + Level 4.2 Armour
 + Level 3.8 Dodging
 - Level 0.1 Stealth
 + Level 4.1 Evocations


You had 9 spell levels left.
You didn't know any spells.

Dungeon Overview and Level Annotations

Branches:
Dungeon (8/15)             Temple (0/1) D:7
   Lair: D:8-11

Altars:
Fedhas
Nemelex Xobeh

Shops:
D:8 %


Innate Abilities, Weirdness & Mutations

You reflexively headbutt those who attack you in melee.
You have a pair of horns on your head.


Message History

You hit the yak but do no damage. You headbutt the yak, but do no damage.
You feel the effects of Trog's Hand fading.
You are near starving!
The yak gores you.
* * * LOW HITPOINT WARNING * * *
The yak barely misses you. The yak gores you.
* * * LOW HITPOINT WARNING * * *
The crimson imp shouts, "Despair, thou reeling-ripe hell-hated calf-wit!"
You barely miss the yak. You headbutt the yak!
The yak is moderately wounded.
The yak gores you!
* * * LOW HITPOINT WARNING * * *
The yak barely misses you. x2
It was a potion of curing.
You feel better. The yak gores you!
* * * LOW HITPOINT WARNING * * *
The yak barely misses you.
It was a potion of agility.
You feel agile all of a sudden. The yak gores you but does no damage.
The yak gores you!
You die...

#..###.# #)# #......#
####)# ###.#####
#..).. #......# .....
#.##.# #.#.##.# .)..
#.##.# #.#.##.# ...
#...)# #.#.##.# ...
#..### #.#.##.# #.#
#..### #.#.##@# #.###
#..... #...5YY# #.#.##
##.###
####.#######..#.## #.#
#......#....)###.###.#
#.##.#.#.#..## ##....#
#†##.#.#.#.#.###.#####
#Y##........#.#.##
.Y####.#.#.....## ....
.#.#...#.#


You could see 2 yaks and a crimson imp.

Vanquished Creatures
  Sigmund (D:2)
  A spriggan (D:7)
  2 wraiths (Ossuary)
  4 yaks (D:8)
  An ice beast (D:7)
  3 ogres
  A necrophage (D:7)
  3 sky beasts
  A centaur (D:6)
  A crocodile (Sewer)
  A big kobold (D:7)
  A gnoll sergeant (D:7)
  2 scorpions
  6 wights
  A howler monkey (D:6)
  A crimson imp (D:5)
  A centaur zombie (D:3)
  A jelly (D:5)
  2 centaur skeletons
  2 orc priests (D:4)
  A gnoll shaman (D:8)
  3 hounds
  7 orc wizards
  A bullfrog skeleton (D:4)
  Terence (D:2)
  3 iguanas
  Natasha (thrice) (D:2)
  13 worker ants
  12 gnolls
  10 adders
  2 river rats (D:6)
  A shadow imp (D:6)
  3 oozes
  An adder skeleton (D:4)
  An adder zombie (Ossuary)
  2 worms
  4 dart slugs
  7 leopard geckos
  15 orcs
  3 giant cockroaches
  11 goblins
  6 hobgoblins
  18 jackals
  5 quokkas
  7 ball pythons
  A ball python skeleton (Ossuary)
  6 bats
  3 frilled lizards
  2 hobgoblin zombies (Ossuary)
  A jackal skeleton (D:6)
  A jackal zombie (D:6)
  9 kobolds
  4 kobold zombies (Ossuary)
  A leopard gecko zombie (D:5)
  2 orc skeletons (Ossuary)
  A quokka skeleton (D:8)
  12 rats
  4 bushes (D:3)
223 creatures vanquished.

Vanquished Creatures (others)
  An orc wizard (D:7)
1 creature vanquished.

Grand Total: 224 creatures vanquished

Notes
Turn   | Place    | Note
-------+----------+-------------------------------------------
     0 | D:1      | twistedcrescendo the Minotaur Berserker began the quest for the Orb.
     0 | D:1      | Reached XP level 1. HP: 19/19 MP: 0/0
    79 | D:1      | Reached XP level 2. HP: 15/27 MP: 1/1
   115 | D:1      | Reached skill level 4 in Maces & Flails
   426 | D:1      | Reached XP level 3. HP: 30/34 MP: 2/2
   686 | D:2      | Noticed Natasha
   690 | D:2      | Reached ** piety under Trog
   694 | D:2      | Killed Natasha
   733 | D:2      | Reached skill level 5 in Maces & Flails
   733 | D:2      | Reached XP level 4. HP: 40/41 MP: 3/3
   896 | D:2      | Noticed Natasha
   900 | D:2      | Killed Natasha
   900 | D:2      | Reached skill level 5 in Fighting
   969 | D:2      | Noticed Terence
   977 | D:2      | Killed Terence
   993 | D:2      | Reached XP level 5. HP: 46/48 MP: 4/4
  1199 | D:2      | Noticed Sigmund
  1213 | D:2      | Killed Sigmund
  1213 | D:2      | Reached skill level 6 in Maces & Flails
  1213 | D:2      | Reached XP level 6. HP: 57/57 MP: 5/5
  1406 | D:2      | Noticed Natasha
  1411 | D:2      | Killed Natasha
  1411 | D:2      | Reached skill level 7 in Maces & Flails
  2078 | D:3      | Reached XP level 7. HP: 47/64 MP: 6/6
  2139 | D:3      | Reached *** piety under Trog
  2241 | D:3      | Found a sparkling altar of Nemelex Xobeh.
  2679 | D:4      | Reached skill level 8 in Maces & Flails
  3420 | D:5      | Entered Level 5 of the Dungeon
  3443 | D:5      | Reached skill level 9 in Maces & Flails
  3443 | D:5      | Reached XP level 8. HP: 69/74 MP: 7/7
  3684 | D:5      | Got a jewelled leather armour
  3702 | D:5      | Identified the cursed +1 leather armour of Eternal Vigilance {rC+++ Dex-4 SInv} (You found it on level 5 of the Dungeon)
  3728 | D:5      | Got a dazzling hunting sling
  3729 | D:5      | Identified the +7 hunting sling "Goblin's Bane" {venom, +Inv} (You found it on level 5 of the Dungeon)
  4103 | D:5      | Reached skill level 1 in Evocations
  4282 | D:6      | Reached **** piety under Trog
  4461 | D:6      | Found a blossoming altar of Fedhas.
  4465 | D:6      | Found a glowing drain.
  4489 | Sewer    | Entered a sewer
  4561 | Sewer    | Reached skill level 10 in Maces & Flails
  4578 | Sewer    | Got an ancient pewter ring
  4612 | D:6      | Identified the ring of Veddystri {rCorr MP-9 Str+6 Dex+2} (You found it in a sewer)
  5035 | D:6      | Reached XP level 9. HP: 40/85 MP: 0/9
  5275 | D:7      | Found a sand-covered staircase.
  5284 | Ossuary  | Entered an ossuary
  5421 | Ossuary  | Reached skill level 10 in Fighting
  5495 | Ossuary  | Reached skill level 11 in Maces & Flails
  5677 | D:7      | Reached ***** piety under Trog
  5685 | D:7      | Found a staircase to the Ecumenical Temple.
  6380 | D:8      | Found Erhag's Food Shoppe.
  6385 | D:8      | Received a gift from Trog
  6582 | D:8      | Reached XP level 10. HP: 18/93 MP: 3/12
  6586 | D:8      | Slain by a yak

Skill      XL: |  1  2  3  4  5  6  7  8  9 |
---------------+----------------------------+-----
Fighting       | 4 5 6 8 9 10 | 10.8
Maces & Flails | 4 5 6 7 9 10 11 | 11.9
Evocations     | 2 4 |  4.1
Armour         | 4 |  4.2
Dodging        | 3 |  3.8
Stealth        | |  0.1

Action                   |  1- 3 |  4- 6 |  7- 9 | 10-12 || total
-------------------------+-------+-------+-------+-------++-------
Melee: Mace              |    55 |   113 |   294 |       ||   462
       Headbutt          |     4 |    24 |   142 |     2 ||   172
       Flail             |       |       |   249 |     2 ||   251
Invok: Berserk           |       |     2 |     4 |       ||     6
       Trog's Hand       |       |     2 |     3 |       ||     5
  Use: Scroll            |       |       |     9 |       ||     9
       Potion            |       |       |       |     2 ||     2
 Stab: Sleeping          |       |       |     1 |       ||     1
  Eat: Chunk             |       |     5 |    16 |       ||    21
       Ration            |       |       |     1 |       ||     1
Armor: Animal skin       |     3 |       |       |       ||     3
       Chain mail        |    27 |    60 |    99 |       ||   186
       Leather armour    |       |       |    33 |     1 ||    34
Dodge: Dodged            |    36 |    34 |   163 |     4 ||   237
